 Dungeon Crawl Stone Soup version 0.21.0-37-g46506fa (webtiles) character file.

84 Kurtz the Skirmisher (level 4, -6/33 HPs)
             Began as an Octopode Abyssal Knight on Feb 1, 2018.
             Was a Follower of Lugonu.
             Mangled by a small abomination (18 damage)
             ... on level 1 of the Abyss.
             The game lasted 00:00:32 (242 turns).

Kurtz the Skirmisher (Octopode Abyssal Knight)       Turns: 242, Time: 00:00:33

Health: -6/33      AC:  1    Str: 12    XL:     4   Next: 45%
Magic:  5/5        EV: 14    Int: 14    God:    Lugonu [*.....]
Gold:   0          SH:  0    Dex: 11    Spells: 3/3 levels left

rFire    . . .     SeeInvis .   a - +1 hand axe
rCold    . . .     Gourm    .   (no shield)
rNeg     . . .     Faith    .   (helmet restricted)
rPois    .         Spirit   .   (no amulet)
rElec    .         Reflect  .   (no ring)
rCorr    .         Harm     .   (no ring)
MR       .....                  (no ring)
Stlth    ++........             (no ring)
HPRegen  0.11/turn              (no ring)
MPRegen  0.09/turn              (no ring)
                                (no ring)
                                (no ring)

@: very slightly contaminated
A: almost no armour, stealthy swim, amphibious, 8 rings, constrict 8, camouflage
1, gelatinous body 1
a: Depart the Abyss, Renounce Religion


You were on level 1 of the Abyss.
You worshipped Lugonu.
Lugonu was aware of your devotion.
You were not hungry.

You visited 0 branches of the dungeon, and saw 0 of its levels.
You visited the Abyss 1 time.

Inventory:

Hand Weapons
 a - a +1 hand axe (weapon)
Scrolls
 c - a scroll of teleportation {unknown}
Comestibles
 b - a ration


   Skills:
 + Level 4.2 Fighting
 + Level 2.5 Axes
 + Level 3.0 Dodging
 + Level 2.3 Invocations


You had 3 spell levels left.
You didn't know any spells.

Dungeon Overview and Level Annotations

Branches:
Dungeon (0/15)

Altars:


Innate Abilities, Weirdness & Mutations

You cannot wear most types of armour.
You are very stealthy in the water. (Stealth+)
You are amphibious.
You can wear up to eight rings at the same time.
You can use your tentacles to constrict eight enemies at once.
Your skin changes colour to match your surroundings (Stealth+).
Your rubbery body absorbs attacks. (AC +1, EV +1)


Message History

Found a blue potion.
A starcursed mass splits.
Found a pair of gloves.
Found a gateway leading out of the Abyss.
d - a blue potion It was a potion of invisibility.
You fade into invisibility!
You are very lightly contaminated with residual magic.
A chorus of shrieks assaults your mind.
A large abomination comes into view.
The large abomination moves out of view.
A chaos spawn comes into view.
You flicker for a moment.
The chaos spawn moves out of view.
A small abomination comes into view.
The chaos spawn bleats!
You flicker back into view.
The small abomination hits you!!
Ouch! That really hurt!
You die...

# .. #. ### .. #.
## #..#.#
..#.##.....####.
..##4...#.#......#
#...............
##@#.#..#.#..
#..x#..#....
#...#.....## .
#..###..#..#.#
#..# #..
####........#. .#
#.##..#.##..
#.....## #
#.....#.#.#
#.##.........


You could see a chaos spawn and a small abomination.

Vanquished Creatures
  An eye of draining (Abyss:1)
1 creature vanquished.

Vanquished Creatures (others)
  A lurking horror (Abyss:1)
1 creature vanquished.

Grand Total: 2 creatures vanquished

Notes
Turn   | Place    | Note
-------+----------+-------------------------------------------
     0 | Abyss:1  | Kurtz the Octopode Abyssal Knight began the quest for the Orb.
     0 | Abyss:1  | Reached XP level 1. HP: 16/16 MP: 2/2
    40 | Abyss:1  | Found a corrupted altar of Lugonu.
   103 | Abyss:1  | Noticed an eye of draining
   113 | Abyss:1  | Killed an eye of draining
   113 | Abyss:1  | Reached skill level 4 in Fighting
   113 | Abyss:1  | Reached XP level 2. HP: 22/22 MP: 0/3
   113 | Abyss:1  | Reached XP level 3. HP: 27/27 MP: 0/4
   113 | Abyss:1  | Reached XP level 4. HP: 33/33 MP: 0/5
   179 | Abyss:1  | Noticed a spatial vortex
   182 | Abyss:1  | Noticed a starcursed mass
   225 | Abyss:1  | Noticed a shadow dragon simulacrum
   230 | Abyss:1  | Noticed a large abomination
   237 | Abyss:1  | Noticed a chaos spawn
   239 | Abyss:1  | Noticed a small abomination
   242 | Abyss:1  | Mangled by a small abomination

Skill      XL: |  1 |
---------------+----+-----
Fighting       | 4 |  4.2
Dodging        | 3 |  3.0
Axes           | |  2.5
Invocations    | |  2.3

Action                   |  1- 3 |  4- 6 || total
-------------------------+-------+-------++-------
Melee: Hand axe          |     8 |       ||     8
       Tentacles         |     2 |       ||     2
       Constrict         |     1 |       ||     1
  Use: Potion            |       |     1 ||     1
